 Dungeon Crawl Stone Soup version 0.15.1-1-gfacfea3 (webtiles) character file.

508 DrPain the Ruffian (level 6, -2/55 HPs)
             Began as a Troll Hunter on Sept 29, 2014.
             Slain by Sigmund
             ... wielding a +0 scythe
              (8 damage)
             ... on Level 5 of the Dungeon.
             The game lasted 00:12:30 (3001 turns).

DrPain the Ruffian (Troll Hunter)                   Turns: 3001, Time: 00:12:30

HP  -2/55        AC  5     Str 22 (23) XL: 6   Next: 98%
MP   3/3         EV  9     Int  7      God:
Gold 240         SH  0     Dex 10      Spells:  0 memorised,  5 levels left

rFire  + . .     SeeInvis .       - Unarmed
rCold  . . .     Clarity  .     d - +0 animal skin
rNeg   . . .     rCorr    .     (shield restricted)
rPois  .         rRot     .     (helmet restricted)
rElec  .         Spirit   .     q - +0 cloak
SustAb .         Warding  .     (gloves unavailable)
rMut   .         Stasis   .     (boots unavailable)
Gourm  +                        (no amulet)
MR     +....                    o - ring of protection from fire
                                h - ring of protection from magic

@: lethally poisoned, somewhat resistant to hostile enchantments, very
unstealthy
A: unfitting armour, claws 3, deformed body, deterioration 1, fast metabolism 3,
gourmand, regeneration 2, saprovore 2, screaming 1, shaggy fur 1, tough skin 2
a: no special abilities


You were on level 5 of the Dungeon.
You were very full.

You visited 2 branches of the dungeon, and saw 6 of its levels.

You collected 240 gold pieces.

Inventory:

Missiles
 c - 2 throwing nets
 v - 4 large rocks (quivered)
Armour
 d - a +0 animal skin (worn)
 q - a +0 cloak (worn)
Comestibles
 a - 5 meat rations
 b - 3 rotting chunks of orc flesh
 g - 3 bread rations
 l - a rotting chunk of giant gecko flesh
 r - 3 fruits
 w - a rotting chunk of hobgoblin flesh
 x - 3 chunks of hobgoblin flesh
Scrolls
 e - 3 scrolls of remove curse
 f - 2 scrolls of blinking
 j - 3 scrolls of identify
Jewellery
 h - a ring of protection from magic (left claw)
 o - a ring of protection from fire (right claw)
Potions
 i - 3 potions of curing
 k - a potion of lignification
 m - a potion of brilliance
 n - a potion of invisibility
 p - a potion of heal wounds


   Skills:
 - Level 1.5 Fighting
 - Level 3.6 Throwing
 - Level 1.5 Dodging
 - Level 0.4 Stealth
 + Level 7.4 Unarmed Combat


You had 5 spell levels left.
You didn't know any spells.

Dungeon Overview and Level Annotations

Branches:
Dungeon (5/15)             Temple (1/1) D:4

Altars:
Ashenzari
Cheibriados
Dithmenos
Elyvilon
Fedhas
Makhleb
Nemelex Xobeh
Okawaru
Qazlal
Sif Muna
Trog
Vehumet
Yredelemnul
Zin
The Shining One

Annotations:
D:5 Sigmund


Innate Abilities, Weirdness & Mutations

You are too large for most types of armour.
You have claws for hands.
Your metabolism is lightning-fast.
You like to eat raw meat.
You heal very quickly.
You can eat rotten meat.
You are covered in fur (AC +1).
You have very tough skin (AC +2).
Armour fits poorly on your strangely shaped body.
Your body is slowly deteriorating.
You occasionally shout uncontrollably at your foes.


Message History

You kill the orc!
Something hits you.
An orc wizard comes into view.
It is wielding a dagger. 2 orc wizards come into view.
You feel sick.
The orc wizard shouts!
The orc wizard hits you but does no damage.
An orc comes into view.
Items here: % ) ? [ a dagger of venom; a leather armour; a scroll of teleportation; an orc corpse Something hits you!
* * * LOW HITPOINT WARNING * * *
The orc wizard hits you with a dagger.
* * * LOW HITPOINT WARNING * * *
The orc wizard gestures wildly while chanting.
The orc wizard flickers and vanishes!
The orc wizard closely misses you. Something hits you.
* * * LOW HITPOINT WARNING * * *
You closely miss the orc wizard.
You feel sick. Something hits you!
You die...

### #<# #.# #.#
#%#
#######)########
#.....(...{.oo.#
#......o######.#
#....(.@#
#########


You could see an orc wizard.

Vanquished Creatures
  A centaur (D:4)
  3 orc priests (D:4)
  2 worker ants (D:4)
  An orc wizard (D:4)
  2 hounds
  Ijyb (D:2)
  Terence (D:2)
  A giant mite (D:2)
  8 adders
  2 worms (D:3)
  3 giant geckos
  An ooze (D:2)
  13 orcs
  11 bats
  2 giant cockroaches (D:1)
  7 hobgoblins
  6 jackals
  8 kobolds
  2 quokkas
  A ball python (D:4)
  3 giant newts
  4 goblins
  10 rats
93 creatures vanquished.

Notes
Turn   | Place    | Note
--------------------------------------------------------------
     0 | D:1      | DrPain, the Troll Hunter, began the quest for the Orb.
     0 | D:1      | Reached XP level 1. HP: 19/19 MP: 1/1
    73 | D:1      | Reached XP level 2. HP: 27/27 MP: 1/1
   299 | D:1      | Found a sparkling altar of Nemelex Xobeh.
   637 | D:1      | You fall through a shaft!
   660 | D:2      | Reached XP level 3. HP: 30/33 MP: 2/2
   755 | D:2      | Noticed Terence
   764 | D:2      | Killed Terence
   890 | D:2      | Noticed Ijyb
   901 | D:2      | Killed Ijyb
   901 | D:2      | Reached XP level 4. HP: 37/41 MP: 2/2
   980 | D:2      | Reached skill level 4 in Unarmed Combat
  1732 | D:3      | Reached XP level 5. HP: 40/48 MP: 2/2
  1799 | D:3      | Reached skill level 5 in Unarmed Combat
  2275 | D:4      | Reached skill level 6 in Unarmed Combat
  2338 | D:4      | Reached XP level 6. HP: 35/55 MP: 3/3
  2360 | D:4      | Gained mutation: Your body is slowly deteriorating. [potion of mutation]
  2360 | D:4      | Gained mutation: You occasionally shout uncontrollably at your foes. [potion of mutation]
  2360 | D:4      | Gained mutation: Armour fits poorly on your strangely shaped body. [potion of mutation]
  2506 | D:4      | Noticed a centaur
  2517 | D:4      | Killed a centaur
  2519 | D:4      | Found a blossoming altar of Fedhas.
  2584 | D:4      | Reached skill level 7 in Unarmed Combat
  2719 | D:4      | Found a staircase to the Ecumenical Temple.
  2736 | Temple   | Entered the Ecumenical Temple
  2971 | D:5      | Entered Level 5 of the Dungeon
  2986 | D:5      | Noticed Sigmund
  3001 | D:5      | Slain by Sigmund

Action                   |  1- 3 |  4- 6 || total
-------------------------+-------+-------++-------
Melee: Unarmed           |   100 |   185 ||   285
Throw: Large rock        |       |    17 ||    17
  Use: Scroll            |     4 |     3 ||     7
       Potion            |     3 |     5 ||     8
 Stab: Sleeping          |       |     3 ||     3
       Invisible         |       |     2 ||     2
  Eat: Chunk             |    12 |    20 ||    32
